 Dungeon Crawl Stone Soup version 0.23-b1-6-ga921848 (webtiles) character file.

Game seed: 16234362474907227323

5133 dvd the Cleaver (level 10, -2/88 HPs)
             Began as a Minotaur Fighter on Feb 1, 2019.
             Was a Believer of Makhleb.
             Slain by a soldier ant (11 damage)
             ... on level 8 of the Dungeon.
             The game lasted 00:14:23 (6699 turns).

dvd the Cleaver (Minotaur Fighter)                  Turns: 6699, Time: 00:14:25

Health: -2/88      AC:  9    Str: 22    XL:     10   Next: 33%
Magic:  9/9        EV: 10    Int: 10    God:    Makhleb [**....]
Gold:   353        SH: 11    Dex: 12    Spells: 9/9 levels left

rFire    + + .     SeeInvis .   a - +0 war axe
rCold    + . .     Gourm    .   c - +0 shield
rNeg     . . .     Faith    .   z - +0 scale mail
rPois    .         Spirit   .   (helmet restricted)
rElec    .         Reflect  .   I - scarf {rC+ rF+}
rCorr    .         Harm     .   n - +0 pair of gloves
MR       .....                  (no boots)
Stlth    ..........             (no amulet)
HPRegen  0.24/turn              o - ring of protection from fire
MPRegen  0.11/turn              E - +4 ring of slaying

@: brilliant, lethally poisoned (-2 -> -34), flying
A: retaliatory headbutt, horns 2
a: Minor Destruction, Renounce Religion


You were on level 8 of the Dungeon.
You worshipped Makhleb.
Makhleb was pleased with you.
You were not hungry.

You visited 2 branches of the dungeon, and saw 9 of its levels.

You collected 353 gold pieces.

Inventory:

Hand Weapons
 a - a +0 war axe (weapon)
 b - a +4 mace
 D - a +1 flail of distortion
 H - a +0 mace of crushing
 L - the +6 long sword of Cheibriados's Reproof {holy, +Fly rC- rN+++ Int-3}
   (You found it on level 7 of the Dungeon)

   It has been blessed by the Shining One to cause great damage to the undead
   and demons.
   It affects your intelligence (-3).
   It makes you vulnerable to cold.
   It renders you almost immune to negative energy.
   It lets you fly.
 P - a +2 flail of freezing
Missiles
 C - 4 tomahawks (quivered)
Armour
 c - a +0 shield (worn)
 j - a +0 cloak
 n - a +0 pair of gloves (worn)
 z - a +0 scale mail (worn)
 I - a scarf of resistance (worn)
 J - a +0 pair of gloves
Jewellery
 o - a ring of protection from fire (left hand)
 E - a +4 ring of slaying (right hand)
Wands
 u - a wand of digging (10)
 G - a wand of clouds (2)
 K - a wand of iceblast (9)
 Q - a wand of flame (20)
Scrolls
 e - a scroll of enchant weapon {unknown}
 i - a scroll of immolation {unknown}
 k - 3 scrolls of noise {unknown}
 l - 6 scrolls of teleportation {unknown}
 m - 10 scrolls of identify {unknown}
 q - 3 scrolls of magic mapping {unknown}
 r - 6 scrolls of remove curse {unknown}
 y - 2 scrolls of fog {unknown}
 F - 2 scrolls of amnesia {unknown}
 M - 2 scrolls of blinking {unknown}
 O - a scroll of brand weapon {unknown}
Potions
 d - 2 potions of might
 g - 2 potions of flight
 h - 3 potions of brilliance
 p - 3 potions of curing {unknown}
 s - 2 potions of haste {unknown}
 t - 2 potions of degeneration {unknown}
 v - a potion of invisibility {unknown}
 w - 2 potions of ambrosia {unknown}
 x - a potion of heal wounds {unknown}
 A - 2 potions of lignification {unknown}
 B - a potion of magic {unknown}
Comestibles
 f - 16 rations
 N - 9 chunks of flesh


   Skills:
 + Level 8.1 Fighting
 + Level 11.9(12.0) Axes
 + Level 2.7(8.2) Maces & Flails
 + Level 0.3 Throwing
 + Level 8.1 Armour
 + Level 3.5 Dodging
 + Level 1.0 Stealth
 + Level 8.6 Shields


You had 9 spell levels left.
You didn't know any spells.
Your spell library contained the following spells:

 Spells                   Type           Power        Failure   Level  Hunger
 Confusing Touch          Hex            #.....       21%         1    ##.....
 Magic Dart               Conj           #...         21%         1    ##.....
 Blink                    Tloc           N/A          30%         2    ###....
 Call Imp                 Summ           #.......     30%         2    ###....
 Slow                     Hex            #.......     30%         2    ###....
 Confuse                  Hex            #.......     47%         3    ####...
 Conjure Flame            Conj/Fire      #.......     47%         3    ####...
 Gell's Gravitas          Tloc           #.........   47%         3    ####...
 Mephitic Cloud           Conj/Pois/Air  #.......     47%         3    ####...
 Petrify                  Tmut/Erth      #.......     83%         4    #####..
 Metabolic Englaciation   Hex/Ice        #.........   98%         5    ######.
 Yara's Violent Unravell  Hex/Tmut       #.........   98%         5    ######.


Dungeon Overview and Level Annotations

Branches:
Dungeon (8/15)             Temple (1/1) D:6
   Lair: D:8-11

Altars:
Ashenzari
Cheibriados
Dithmenos
Fedhas
Gozag
Hepliaklqana
Kikubaaqudgha
Makhleb
Nemelex Xobeh
Qazlal
Ru
Sif Muna
Trog
Uskayaw
Vehumet
Wu Jian
Xom
Yredelemnul
The Shining One

Annotations:
D:8 2 transporters


Innate Abilities, Weirdness & Mutations

You reflexively headbutt those who attack you in melee.
You have a pair of horns on your head.


Message History

The soldier ant is severely wounded.
You hit the soldier ant.
* * * LOW HITPOINT WARNING * * *
You feel very sick. You block the soldier ant's attack.
Unknown command.
It was a potion of brilliance.
You feel clever all of a sudden.
* * * LOW HITPOINT WARNING * * *
You feel very sick.
The soldier ant stings you but does no damage.
You block the soldier ant's attack. You block the worker ant's attack.
It was a potion of flight.
You feel very buoyant.
You fly up into the air.
* * * LOW HITPOINT WARNING * * *
You feel very sick. You block the worker ant's attack.
You block the soldier ant's attack. The soldier ant stings you!
You die...

.####...........#)#..###.##......
.....................##..##.##.##
.#............##.........#..#####
.##........#......#.........##.##
.#..#..#.####....##..............
.......####.#....##.#.........#..
.###....#...#'''#.#.#.........###
######.....##..†##........##.##
.......).###..#a@###....######
........##...###aa.###.##
.#......#.... .....####
.##)...###.. ##...## ####..###..#
..#..# # #..##...# .###... # #..#
... . ... # #### .. ...#


You could see 2 soldier ants and a worker ant.

Vanquished Creatures
  Harold (D:7)
  A two-headed ogre (D:8)
  Joseph (D:7)
  Sigmund (D:6)
  2 soldier ants (D:8)
  Menkaure (D:6)
  2 water moccasins (D:6)
  2 orc warriors
  A phantom (D:7)
  2 eyes of draining (D:8)
  A centaur (D:7)
  5 ogres
  2 bullfrogs (D:5)
  A gnoll sergeant (D:6)
  2 scorpions
  9 wights (D:8)
  A howler monkey (D:4)
  A vampire bat (D:4)
  2 crimson imps
  A centaur zombie (D:7)
  A quasit (D:8)
  2 hounds
  2 jellies (D:6)
  Crazy Yiuf (D:6)
  A bullfrog skeleton (D:6)
  5 orc wizards
  Natasha (twice) (D:2)
  6 worker ants
  A worker ant zombie (D:6)
  Robin (D:4)
  14 gnolls
  A howler monkey skeleton (D:4)
  6 adders
  A shadow imp (D:8)
  An ooze (D:3)
  2 adder zombies
  3 fire bats (D:4)
  3 worms
  2 leopard geckos
  19 orcs
  2 spectral bats (D:4)
  19 bats
  3 bat skeletons (D:4)
  A bat zombie (D:4)
  4 giant cockroaches
  18 goblins
  8 hobgoblins
  7 jackals
  3 quokkas
  A bat simulacrum (D:4)
  6 frilled lizards
  8 kobolds
  A leopard gecko zombie (D:6)
  7 rats
201 creatures vanquished.

Notes
Turn   | Place    | Note
-------+----------+-------------------------------------------
     0 | D:1      | dvd the Minotaur Fighter began the quest for the Orb.
     0 | D:1      | Reached XP level 1. HP: 19/19 MP: 0/0
    62 | D:1      | Reached XP level 2. HP: 23/27 MP: 1/1
   794 | D:2      | Reached XP level 3. HP: 31/33 MP: 2/2
   871 | D:2      | Reached skill level 3 in Axes
   873 | D:2      | Reached skill level 1 in Dodging
  1241 | D:2      | Reached XP level 4. HP: 40/40 MP: 3/3
  1315 | D:2      | Found a shimmering altar of Xom.
  1415 | D:2      | Found a bloodstained altar of Trog.
  1464 | D:2      | Noticed Natasha
  1470 | D:2      | Killed Natasha
  1573 | D:2      | Noticed Natasha
  1580 | D:2      | Killed Natasha
  1580 | D:2      | Reached skill level 4 in Axes
  1774 | D:3      | Reached XP level 5. HP: 36/46 MP: 4/4
  2545 | D:4      | Noticed Robin
  2556 | D:4      | Killed Robin
  2712 | D:4      | Reached skill level 1 in Maces & Flails
  2712 | D:4      | Reached XP level 6. HP: 43/53 MP: 5/5
  2729 | D:4      | Reached skill level 5 in Axes
  2729 | D:4      | Reached skill level 5 in Shields
  3121 | D:4      | Found an ornate altar of the Wu Jian Council.
  3378 | D:4      | Found a hazy altar of Hepliaklqana.
  3451 | D:5      | Entered Level 5 of the Dungeon
  3659 | D:5      | Reached XP level 7. HP: 59/60 MP: 6/6
  3699 | D:5      | Reached skill level 6 in Axes
  3699 | D:5      | Reached skill level 5 in Armour
  3749 | D:5      | Found a glowing golden altar of the Shining One.
  3977 | D:5      | Found a shadowy altar of Dithmenos.
  4034 | D:6      | Found a blossoming altar of Fedhas.
  4049 | D:6      | Noticed Sigmund
  4056 | D:6      | Killed Sigmund
  4056 | D:6      | Reached skill level 5 in Fighting
  4087 | D:6      | Found a burning altar of Makhleb.
  4095 | D:6      | Noticed a cacodemon
  4099 | D:6      | Noticed an orange demon
  4099 | D:6      | Noticed an orange demon
  4101 | D:6      | Became a worshipper of Makhleb the Destroyer
  4114 | D:6      | Reached XP level 8. HP: 67/68 MP: 7/7
  4130 | D:6      | Reached skill level 7 in Axes
  4466 | D:6      | Found a sacrificial altar of Ru.
  4494 | D:6      | Reached skill level 8 in Axes
  4494 | D:6      | Reached skill level 1 in Stealth
  4578 | D:6      | Found a staircase to the Ecumenical Temple.
  4587 | Temple   | Entered the Ecumenical Temple
  4962 | D:6      | Found a radiant altar of Vehumet.
  4976 | D:6      | Noticed Menkaure
  4982 | D:6      | Killed Menkaure
  5297 | D:6      | Found a runed translucent door.
  5298 | D:6      | Noticed Crazy Yiuf
  5303 | D:6      | Killed Crazy Yiuf
  5479 | D:7      | Noticed Harold
  5489 | D:7      | Killed Harold
  5489 | D:7      | Reached skill level 9 in Axes
  5489 | D:7      | Reached XP level 9. HP: 33/78 MP: 8/8
  5499 | D:7      | Got a crude long sword
  5500 | D:7      | Identified the +6 long sword of Cheibriados's Reproof
                  | {holy, +Fly rC- rN+++ Int-3} (You found it on level 7 of
                  | the Dungeon)
  5639 | D:7      | Reached skill level 10 in Axes
  5849 | D:7      | Noticed Joseph
  5857 | D:7      | Killed Joseph
  6071 | D:8      | Reached * piety under Makhleb
  6072 | D:8      | Reached skill level 11 in Axes
  6185 | D:8      | Noticed a two-headed ogre
  6192 | D:8      | Killed a two-headed ogre
  6192 | D:8      | Reached XP level 10. HP: 65/88 MP: 1/9
  6217 | D:8      | Found a transporter.
  6218 | D:8      | Found a basalt altar of Yredelemnul.
  6221 | D:8      | Found a transporter.
  6223 | D:8      | Noticed a flayed ghost
  6229 | D:8      | Found an ancient bone altar of Kikubaaqudgha.
  6231 | D:8      | Noticed a death knight
  6598 | D:8      | Reached ** piety under Makhleb
  6699 | D:8      | Slain by a soldier ant

Skill      XL: |  1  2  3  4  5  6  7  8  9 10 |
---------------+-------------------------------+-----
Shields        | 4 5 6 7 8 |  8.6
Fighting       | 4 5 6 7 8 |  8.1
Armour         | 4 5 6 8 |  8.1
Axes           | 3 4 5 6 9 11 | 11.9
Dodging        | 1 2 3 |  3.5
Maces & Flails | 1 2 |  2.7
Stealth        | 1 |  1.0
Throwing       | |  0.3

Action                   |  1- 3 |  4- 6 |  7- 9 | 10-12 || total
-------------------------+-------+-------+-------+-------++-------
Melee: War axe           |    95 |   103 |   164 |    46 ||   408
       Headbutt          |    12 |    19 |    48 |    11 ||    90
       Mace              |       |    62 |       |       ||    62
Throw: Tomahawk          |       |       |       |     1 ||     1
  Use: Potion            |       |       |     1 |     2 ||     3
  Eat: Chunk             |     1 |     8 |     8 |     2 ||    19
Armor: Scale mail        |    70 |   111 |    31 |    14 ||   226
Dodge: Dodged            |    44 |    80 |    60 |    12 ||   196
Block: Shield            |    72 |   126 |    84 |    27 ||   309
